Map: 永恒梦境-天梯版

Players

iGMacSed (MacSed) - Winner!

  • Race: Protoss Protoss
  • League: Master
  • Spawn Location: 7:00

TIME (Oliveira)

  • Race: Terran Terran
  • League: Master
  • Spawn Location: 1:00

Event: DreamHack SC2 Masters 2020 Fall

VOD

Have the link to the VOD?

Description

Time

  • Played on: Sept. 5, 2020, 9:58 a.m.
  • Length: 10:19

All games in this series

Show
View Real Time Build Order
Export as new Build Order

iGMacSed Protoss - Winner!

Build Orders: 1 Gate Expand, Colossus Rush 

Get SALT Encoding   

  12  0:00  Probe  
  13  0:12  Probe  
  14  0:17  Pylon  
  14  0:24  Probe (Chrono Boost)  
  16  0:36  Probe (Chrono Boost), Gateway  
  16  0:43  Probe (Chrono Boost)  
  16  0:46  Assimilator  
  17  0:51  Probe  
  18  1:03  Probe  
  19  1:15  Probe  
  20  1:25  Cybernetics Core  
  20  1:32  Nexus  
  20  1:35  Probe  
  21  1:42  Pylon  
  21  1:47  Probe  
  22  1:52  Assimilator  
  22  1:59  Probe, Stalker (Chrono Boost)  
  23  2:04  Warp Gate  
  25  2:11  Probe  
  26  2:22  Stalker  
  28  2:23  Probe  
  29  2:35  Probe  
  30  2:44  Probe  
  30  2:46  Gateway  
  30  2:47  Probe  
  30  2:49  Gateway  
  32  2:56  Probe (Chrono Boost)  
  32  2:57  Stalker  
  35  3:01  Probe (Chrono Boost)  
  36  3:08  Probe (Chrono Boost)  
  36  3:10  Pylon  
  36  3:11  Probe (Chrono Boost)  
  38  3:14  Probe (Chrono Boost)  
  38  3:17  Probe  
  39  3:20  Shield Battery  
  39  3:23  Probe  
  41  3:30  Probe  
  42  3:35  Probe  
  41  3:42  Probe  
  41  3:45  Robotics Facility  
  41  3:47  Probe  
  41  3:51  Stalker  
  41  3:52  Stalker  
  41  3:53  Stalker  
  41  3:54  Probe  
  48  3:59  Probe  
  48  4:01  Pylon  
  49  4:09  Assimilator  
  50  4:12  Assimilator  
  50  4:18  Stalker x2  
  50  4:20  Stalker  
  50  4:22  Probe, Pylon  
  56  4:25  Probe  
  56  4:28  Pylon  
  57  4:34  Probe  
  58  4:42  Probe  
  55  4:46  Probe  
  55  4:51  Stalker x3  
  55  4:52  Observer (Chrono Boost)  
  63  4:54  Probe  
  64  5:00  Robotics Bay  
  64  5:03  Forge  
  64  5:05  Observer (Chrono Boost)  
  64  5:25  Probe x2  
  64  5:27  Protoss Ground Weapons Level 1  
  66  5:30  Observer (Chrono Boost)  
  67  5:37  Probe  
  67  5:38  Nexus  
  67  5:39  Pylon  
  68  5:44  Colossus (Chrono Boost)  
  68  5:45  Twilight Council  
  68  5:47  Pylon  
  68  5:49  Extended Thermal Lance  
  74  5:56  Pylon, Observer  
  74  6:10  Gateway  
  74  6:12  Gateway  
  74  6:13  Gateway  
  74  6:20  Probe x2  
  74  6:24  Colossus (Chrono Boost), Observer  
  76  6:32  Probe  
  83  6:33  Shield Battery, Sentry  
  85  6:43  Photon Cannon  
  85  6:44  Photon Cannon  
  85  6:50  Gateway  
  85  6:53  Gateway  
  84  7:00  Templar Archives  
  84  7:01  Charge (Chrono Boost)  
  84  7:04  Probe x2  
  84  7:07  Probe, Shield Battery  
  87  7:13  Colossus  
  93  7:16  Probe x2  
  93  7:19  Sentry  
  93  7:20  Zealot  
  99  7:26  Pylon  
  99  7:33  Zealot x3  
  99  7:34  Zealot  
  107  7:41  Pylon  
  104  7:47  Zealot x3  
  99  7:58  Probe  
  99  8:00  Pylon  
  99  8:03  Zealot  
  99  8:04  Zealot  
  103  8:07  Probe x2  
  103  8:10  Probe  
  103  8:12  Protoss Ground Armor Level 1 (Chrono Boost)  
  106  8:13  Pylon  
  106  8:19  Probe, Pylon x2, Disruptor (Chrono Boost)  
  107  8:24  Probe  
  111  8:28  Pylon  
  111  8:30  Pylon, High Templar x2  
  115  8:34  Archon  
  115  8:38  Probe  
  115  8:39  Probe  
  117  8:42  Pylon  
  117  8:45  Warp Prism (Chrono Boost)  
  116  8:49  Observer  
  116  8:51  Zealot x3  
  116  8:55  Observer  
  119  9:06  Zealot x2, High Templar x2  
  119  9:07  Zealot  
  129  9:11  Archon  
  129  9:14  Immortal  
  133  9:22  Stalker x3  
  134  9:32  Zealot x3  
  140  9:45  Stalker x2  
  140  9:48  Zealot x3  
  144  10:04  Zealot x3  
Show
View Real Time Build Order
Export as new Build Order

TIME Terran 

Build Orders:  

Get SALT Encoding   

  12  0:00  SCV  
  13  0:12  SCV  
  14  0:17  Supply Depot  
  14  0:25  SCV  
  15  0:38  SCV  
  15  0:40  Barracks  
  16  0:44  Refinery  
  16  0:50  SCV  
  17  1:03  SCV  
  18  1:15  SCV  
  19  1:27  Orbital Command, Marine  
  20  1:41  Command Center  
  20  1:51  Factory  
  20  1:55  SCV  
  21  2:02  Barracks Reactor  
  21  2:07  SCV  
  22  2:10  Supply Depot  
  22  2:14  Refinery  
  22  2:19  SCV  
  23  2:32  SCV  
  23  2:34  Hellion  
  26  2:39  Starport  
  26  2:40  Marine  
  26  2:41  Marine  
  28  2:46  SCV  
  29  2:52  Orbital Command  
  29  2:57  Widow Mine  
  31  2:59  SCV  
  31  3:03  Marine  
  33  3:06  Marine  
  33  3:11  SCV  
  35  3:16  Medivac  
  35  3:18  SCV  
  38  3:20  Supply Depot  
  38  3:22  Factory Tech Lab  
  38  3:26  Marine x2  
  40  3:38  SCV x2, Bunker  
  40  3:43  Siege Tank  
  40  3:47  Marine x2  
  45  3:49  Starport Tech Lab  
  45  3:52  SCV x2  
  47  3:56  Supply Depot  
  47  4:07  Barracks  
  47  4:08  Barracks  
  47  4:13  SCV  
  47  4:14  Raven  
  47  4:16  SCV  
  51  4:23  Marine  
  52  4:25  SCV, Marine  
  52  4:29  SCV  
  52  4:30  Engineering Bay  
  55  4:31  Supply Depot  
  55  4:37  SCV  
  56  4:43  Marine  
  53  4:50  SCV  
  53  4:52  Widow Mine, Marine  
  53  4:55  Marine  
  56  5:01  Stimpack  
  55  5:10  SCV  
  54  5:19  SCV  
  52  5:21  Terran Infantry Weapons Level 1  
  52  5:22  SCV  
  52  5:24  Supply Depot  
  45  5:30  Factory Reactor  
  45  5:31  SCV  
  45  5:33  Refinery  
  45  5:34  SCV, Starport Reactor  
  47  5:36  Marine x2  
  47  5:38  Marine x2  
  47  5:42  Bunker  
  51  5:43  SCV  
  51  5:46  SCV  
  53  5:54  Supply Depot  
  53  5:55  SCV  
  53  5:56  Marauder x2  
  58  5:57  Combat Shield, Marine x2  
  58  6:01  SCV  
  58  6:02  Refinery  
  61  6:06  Supply Depot  
  61  6:10  SCV  
  62  6:16  SCV, Medivac x2  
  62  6:17  Marauder, Widow Mine  
  69  6:23  Supply Depot  
  69  6:26  SCV  
  69  6:28  Marauder, Widow Mine, Marine x2  
  69  6:30  SCV  
  77  6:33  Supply Depot  
  77  6:39  Supply Depot  
  77  6:45  Marauder  
  79  6:49  Marine  
  79  6:50  Marauder  
  79  6:52  Medivac x2  
  86  6:55  Widow Mine x2  
  90  7:02  Marine  
  90  7:07  Concussive Shells  
  91  7:08  SCV x2  
  91  7:11  Marine  
  91  7:12  Command Center  
  94  7:16  Terran Infantry Armor Level 1  
  94  7:17  Supply Depot, Marauder  
  96  7:28  Marine x2  
  96  7:29  Medivac, Marauder  
  102  7:38  Medivac  
  102  7:39  Widow Mine  
  106  7:47  Marine x2  
  106  7:48  Marauder  
  108  7:55  SCV  
  104  7:59  Medivac, Barracks  
  104  8:00  Barracks  
  101  8:07  Marine x2  
  101  8:08  Viking, Marauder  
  105  8:14  SCV  
  105  8:16  SCV  
  105  8:20  Factory Tech Lab  
  105  8:25  Marauder  
  105  8:26  SCV  
  102  8:28  SCV  
  102  8:29  Viking  
  102  8:30  Orbital Command  
  102  8:33  Marine  
  106  8:38  Viking  
  108  8:42  Marine  
  108  8:43  Marauder, Siege Tank  
  112  8:52  Barracks Reactor  
  112  8:53  Barracks Tech Lab  
  112  8:55  Marine  
  112  8:56  Marauder  
  112  8:57  SCV  
  112  9:02  Marine  
  115  9:03  SCV  
  115  9:04  SCV  
  115  9:06  Supply Depot x2, Liberator  
  115  9:08  Viking  
  121  9:10  SCV  
  121  9:14  Marauder x2  
  125  9:20  Marine  
  125  9:28  SCV x2, Marauder, Siege Tank  
  125  9:29  Supply Depot x2  
  125  9:30  Marine  
  125  9:31  Marine x2  
  134  9:36  Armory, Engineering Bay  
  134  9:37  SCV  
  136  9:42  Marauder, Marine  
  139  9:48  Refinery  
  139  9:49  Refinery  
  126  10:00  Marine  
  126  10:01  Marine  

Tags
 
Add a new tag
Caveats
  • Supply blocks, unpowered buildings, or Contaminate may cause inaccurate times.
  • Supply counts are checked every 10 seconds.